 Dungeon Sprint DCSS version 0.25-a0-413-g3b4b6a4 (webtiles) character file.

Game seed: 10038462757162022368, levelgen mode: deterministic

17196 Krakonus1 the Shatterer (level 12, -15/122 HPs)
             Began as a Troll Fighter on Jan 16, 2020.
             Was a High Priest of Okawaru.
             Demolished by an ettin
             ... wielding a +0 dire flail of draining
              (37 damage)
             ... in the Dungeon (Sprint IX: "|||||||||||||||||||||||||||||").
             The game lasted 00:16:28 (1982 turns).

Krakonus1 the Shatterer (Troll Fighter)             Turns: 1982, Time: 00:16:28

Health: -15/122    AC: 24    Str: 33    XL:     12   Next: 16%
Magic:  2/9        EV: 13    Int:  7    God:    Okawaru [*****.]
Gold:   608        SH: 12    Dex:  9    Spells: 11/11 levels left

rFire    x . .     SeeInvis +   q - +2 morningstar (protect)
rCold    + + .     Gourm    +   c - +0 shield
rNeg     . . .     Faith    .   v - +0 ice dragon scales
rPois    .         Spirit   .   (helmet restricted)
rElec    .         Reflect  .   r - +0 cloak
rCorr    .         Harm     .   (gloves unavailable)
MR       .....     NoTele   +   (boots unavailable)
Stlth    ..........             (no amulet)
HPRegen  0.70/turn              s - +3 ring of intelligence
MPRegen  0.11/turn              t - +2 ring of protection

@: heroism, finesse, protection aura, heavily drained
A: large, unfitting armour, claws 3, see invisible, fast metabolism 3, gourmand,
low mp 1, regeneration 1, shaggy fur 1, strong 1, tough skin 3
a: Heroism, Finesse, Renounce Religion


You were in the Dungeon.
You worshipped Okawaru.
Okawaru was extremely pleased with you.
You were completely stuffed.

You visited 1 branch You collected 1928 gold pieces.
You spent 1320 gold pieces at shops.

Inventory:

Hand Weapons
 a - a +0 flail
 g - a +1 dire flail of crushing
 q - a +2 morningstar of protection (weapon)
 u - a +0 giant club
 D - a +3 dire flail
Missiles
 b - 7 boomerangs of dispersal (quivered)
 e - 6 boomerangs
Armour
 c - a +0 shield (worn)
 d - a +1 robe of fire resistance
 j - the +3 robe of Clouds {+Thunder rCloud rElec}
   (Okawaru gifted it to you in the Dungeon)

   It insulates you from electricity.
 r - a +0 cloak (worn)
 v - +0 ice dragon scales (worn)
 E - +0 acid dragon scales
 F - a +1 large shield
Jewellery
 l - an uncursed ring of protection from cold
 s - a +3 ring of intelligence (left claw)
 t - a +2 ring of protection (right claw)
 x - an uncursed ring of protection from fire
 B - an uncursed ring of protection from cold
 C - an uncursed ring of see invisible
Wands
 h - a wand of digging (7)
 m - a wand of flame (11)
 p - a wand of iceblast (6)
Scrolls
 k - a scroll of blinking
 n - 5 scrolls of remove curse
 o - 2 scrolls of amnesia
 y - 5 scrolls of enchant armour
 z - a scroll of enchant weapon
 A - 5 scrolls of identify
Potions
 i - 4 potions of magic
 w - 2 potions of brilliance
 G - a potion of agility
 I - 2 potions of heal wounds
Comestibles
 f - 9 rations


   Skills:
 - Level 8.7(11.9) Fighting
 * Level 22.5(24.5) Maces & Flails
 - Level 8.7(11.8) Dodging
 - Level 7.2(10.4) Shields


You had 11 spell levels left.
You didn't know any spells.
Your spell library was empty.

Dungeon Overview and Level Annotations

Branches:
Dungeon (1/1)

Altars:
Cheibriados
Dithmenos
Elyvilon
Fedhas
Gozag
Hepliaklqana
Kikubaaqudgha
Makhleb
Nemelex Xobeh
Okawaru
Qazlal
Ru
Sif Muna
Trog
Uskayaw
Vehumet
Wu Jian
Xom
Yredelemnul
Zin
The Shining One
Beogh
Jiyva
Lugonu

Shops:
D }([[


Innate Abilities, Weirdness & Mutations

You are too large for most types of armour.
You have claws for hands.
Your metabolism is lightning-fast.
You like to eat raw meat.
Your natural rate of healing is unusually fast.
You are covered in fur. (AC +1)
You have extremely tough skin. (AC +3)
You have supernaturally acute eyesight. (SInv)
Your magical capacity is low. (-10% MP)
Your muscles are strong. (Str +2)


Message History

You eat one of the 10 rations.
That ration really hit the spot!
You gain the combat prowess of a mighty hero.
The ettin hits you with a +0 dire flail of draining!!!
You feel drained.
The ettin hits you with a +1 dire flail of crushing!
You thump the ettin!
Your weapon exudes an aura of protection.
The ettin is moderately wounded.
You fail to use your ability.
You block the ettin's attack. The ettin hits you but does no damage.
You can now deal lightning-fast blows.
The ettin closely misses you.
The ettin hits you with a +1 dire flail of crushing!!
* * * LOW HITPOINT WARNING * * *
x2 You hit the ettin.
The ettin is moderately wounded.
You hit the ettin.
The ettin is moderately wounded.
The ettin hits you with a +0 dire flail of draining!!!
You die...

▓_▓.▓.▓.▓[▓.▓.▓
▓_▓.▓.▓.▓.▓.▓.▓
▓_▓.▓.▓.▓.▓.▓.▓
▓_▓.▓.▓)▓.▓.▓.▓
▓_▓.▓÷▓.▓.▓.▓.▓
▓_▓.▓÷▓.▓)▓.▓.▓
▓_▓.▓÷▓.▓)▓.▓.▓
▓_▓.▓÷▓.▓C▓.▓.▓
▓_▓.▓'▓.▓@▓.▓[▓
▓_▓.▓.▓.▓)▓.▓[▓
▓_▓.▓.▓.▓)▓.▓[▓
▓_▓.▓.▓.▓)▓.▓[▓
▓_▓.▓.▓.▓)▓.▓[▓
▓_▓.▓.▓.▓.▓.▓[▓
▓_▓.▓.▓.▓.▓.▓.▓
▓_▓.▓÷▓.▓.▓.▓.▓
▓_▓.▓÷▓.▓)▓.▓.▓


You could see an ettin.

Vanquished Creatures
  Erolcha (D)
  2 hydras (D)
  A two-headed ogre (D)
  A deep troll earth mage (D)
  A wizard (D)
  A necromancer (D)
  7 orc knights (D)
  8 elephants (D)
  A black mamba (D)
  A black mamba (shapeshifter) (D)
  Maurice (D)
  2 gargoyles (D)
  2 spiny frogs (D)
  A rime drake (D)
  A blink frog (D)
  A slime creature (D)
  3 hippogriffs (D)
  A shadow (D)
  4 yaks (D)
  2 hungry ghosts (D)
  An acid dragon (D)
  3 porcupines (D)
  18 orc warriors (D)
  A sky beast (D)
  A phantom (D)
  A centaur (D)
  A wolf (D)
  A big kobold (D)
  3 bullfrogs (D)
  A wight (D)
  2 crimson imps (D)
  4 orc priests (D)
  6 orc wizards (D)
  2 adders (D)
  5 orcs (D)
  A bat (D)
  2 goblins (D)
  A ball python zombie (D)
  A frilled lizard (D)
  A quokka skeleton (D)
  A rat (D)
99 creatures vanquished.

Notes
Turn   | Place    | Note
-------+----------+-------------------------------------------
     0 | D        | Krakonus1 the Troll Fighter began the quest for the Orb.
     0 | D        | Reached XP level 1. HP: 22/22 MP: 0/0
    10 | D        | Reached skill level 2 in Maces & Flails
    35 | D        | Noticed a crimson imp
    35 | D        | Noticed an orc wizard
    35 | D        | Noticed an orc wizard
    35 | D        | Noticed a crimson imp
    51 | D        | Killed a crimson imp
    51 | D        | Reached skill level 3 in Maces & Flails
    51 | D        | Reached XP level 2. HP: 32/32 MP: 1/1
    51 | D        | Reached XP level 3. HP: 39/39 MP: 2/2
    67 | D        | Reached skill level 4 in Maces & Flails
    67 | D        | Reached XP level 4. HP: 29/48 MP: 3/3
    86 | D        | Found a roughly hewn altar of Beogh.
    86 | D        | Found a snail-covered altar of Cheibriados.
    86 | D        | Found a shadowy altar of Dithmenos.
    86 | D        | Found a white marble altar of Elyvilon.
    86 | D        | Found a blossoming altar of Fedhas.
    86 | D        | Found an opulent altar of Gozag.
    87 | D        | Found a hazy altar of Hepliaklqana.
    88 | D        | Found a viscous altar of Jiyva.
    89 | D        | Found an ancient bone altar of Kikubaaqudgha.
    90 | D        | Found a corrupted altar of Lugonu.
    91 | D        | Found a burning altar of Makhleb.
    92 | D        | Found a sparkling altar of Nemelex Xobeh.
    93 | D        | Found an iron altar of Okawaru.
    94 | D        | Found a stormy altar of Qazlal.
    95 | D        | Found a sacrificial altar of Ru.
    96 | D        | Found a shimmering blue altar of Sif Muna.
    97 | D        | Found a bloodstained altar of Trog.
    98 | D        | Found a hide-covered altar of Uskayaw.
   172 | D        | Found a radiant altar of Vehumet.
   173 | D        | Found an ornate altar of the Wu Jian Council.
   174 | D        | Became a worshipper of Warmaster Okawaru
   175 | D        | Found a shimmering altar of Xom.
   176 | D        | Found a basalt altar of Yredelemnul.
   177 | D        | Found a glowing silver altar of Zin.
   178 | D        | Found a glowing golden altar of the Shining One.
   195 | D        | Found the +14 obsidian axe {chop, +Fly SInv *Curse}
   212 | D        | Noticed a hungry ghost
   212 | D        | Noticed a bullfrog
   212 | D        | Noticed a sky beast
   212 | D        | Noticed a phantom
   229 | D        | Killed a phantom
   229 | D        | Reached skill level 5 in Fighting
   229 | D        | Reached skill level 5 in Maces & Flails
   229 | D        | Reached skill level 5 in Dodging
   229 | D        | Reached skill level 5 in Shields
   229 | D        | Reached XP level 5. HP: 57/57 MP: 4/4
   240 | D        | Killed a sky beast
   240 | D        | Reached * piety under Okawaru
   240 | D        | Reached skill level 6 in Maces & Flails
   240 | D        | Reached XP level 6. HP: 67/67 MP: 5/5
   273 | D        | Killed a hungry ghost
   273 | D        | Reached skill level 7 in Maces & Flails
   273 | D        | Reached XP level 7. HP: 68/78 MP: 6/6
   286 | D        | Noticed a two-headed ogre
   286 | D        | Noticed a yak
   297 | D        | Killed a yak
   297 | D        | Reached ** piety under Okawaru
   297 | D        | Reached skill level 8 in Maces & Flails
   306 | D        | Killed a two-headed ogre
   306 | D        | Reached skill level 9 in Maces & Flails
   306 | D        | Reached XP level 8. HP: 35/89 MP: 7/7
   491 | D        | Gained mutation: You have a beak for a mouth. [potion of
                  | mutation]
   491 | D        | Gained mutation: You have an increased reservoir of magic.
                  | (+10% MP) [potion of mutation]
   492 | D        | Noticed a hippogriff
   492 | D        | Noticed a black mamba
   492 | D        | Noticed a spiny frog
   492 | D        | Noticed a blink frog
   506 | D        | Killed a spiny frog
   506 | D        | Reached skill level 10 in Maces & Flails
   511 | D        | Killed a black mamba
   511 | D        | Reached *** piety under Okawaru
   511 | D        | Reached skill level 11 in Maces & Flails
   511 | D        | Reached XP level 9. HP: 52/97 MP: 8/8
   515 | D        | Reached skill level 12 in Maces & Flails
   518 | D        | Noticed a spiny frog
   521 | D        | Reached skill level 13 in Maces & Flails
   527 | D        | Killed a spiny frog
   527 | D        | Reached **** piety under Okawaru
   538 | D        | Reached skill level 14 in Maces & Flails
   550 | D        | Noticed an eight-headed hydra
   572 | D        | Noticed a rime drake
   583 | D        | Killed an eight-headed hydra
   583 | D        | Reached ***** piety under Okawaru
   583 | D        | Reached skill level 15 in Maces & Flails
   583 | D        | Reached XP level 10. HP: 75/106 MP: 10/10
   591 | D        | Reached skill level 16 in Maces & Flails
   598 | D        | Noticed a five-headed hydra
   606 | D        | Killed a five-headed hydra
   606 | D        | Received a gift from Okawaru
   670 | D        | Noticed an elephant
   670 | D        | Noticed an elephant
   670 | D        | Noticed an elephant
   670 | D        | Noticed an elephant
   670 | D        | Noticed an elephant
   670 | D        | Noticed an elephant
   671 | D        | Noticed an elephant
   677 | D        | Killed an elephant
   677 | D        | Reached skill level 17 in Maces & Flails
   687 | D        | Killed an elephant
   696 | D        | Killed an elephant
   703 | D        | Killed an elephant
   710 | D        | Killed an elephant
   710 | D        | Reached skill level 18 in Maces & Flails
   716 | D        | Killed an elephant
   729 | D        | Killed an elephant
   729 | D        | Reached XP level 11. HP: 65/113 MP: 11/11
   847 | D        | Noticed Erolcha
   862 | D        | Killed Erolcha
   862 | D        | Reached skill level 19 in Maces & Flails
   877 | D        | Noticed Maurice
   896 | D        | Killed Maurice
   896 | D        | Received a gift from Okawaru
   897 | D        | Found the +3 robe of Clouds {+Thunder rCloud rElec}
  1034 | D        | Noticed an orc knight
  1069 | D        | Killed an orc knight
  1077 | D        | Reached skill level 20 in Maces & Flails
  1146 | D        | Found Bepeu's Antique Armour Boutique.
  1146 | D        | Noticed an orc knight
  1146 | D        | Noticed an orc knight
  1146 | D        | Noticed an orc knight
  1149 | D        | Noticed an orc knight
  1164 | D        | Killed an orc knight
  1172 | D        | Killed an orc knight
  1182 | D        | HP: 11/113 [orc knight/+0 great mace (32)]
  1187 | D        | Killed an orc knight
  1204 | D        | HP: 11/113 [orc knight/+0 battleaxe (12)]
  1207 | D        | HP: 2/113 [orc knight/+0 battleaxe (11)]
  1210 | D        | Killed an orc knight
  1211 | D        | Found Boez Nyq's Antique Armour Shop.
  1285 | D        | Reached skill level 21 in Maces & Flails
  1368 | D        | Found Vuxuiss's Weapon Boutique.
  1372 | D        | Found Konykoxajo's Gadget Shop.
  1375 | D        | Noticed an orc knight
  1377 | D        | Noticed an orc knight
  1384 | D        | Killed an orc knight
  1404 | D        | HP: 8/113 [orc knight/+0 long sword (5)]
  1408 | D        | Killed an orc knight
  1586 | D        | Bought ice dragon scales for 1320 gold pieces
  1741 | D        | Lost mutation: You have an increased reservoir of magic.
                  | (+10% MP) [potion of mutation]
  1741 | D        | Lost mutation: You have a beak for a mouth. [potion of
                  | mutation]
  1741 | D        | Gained mutation: Your magical capacity is low. (-10% MP)
                  | [potion of mutation]
  1741 | D        | Gained mutation: Your muscles are strong. (Str +2) [potion
                  | of mutation]
  1741 | D        | Gained mutation: You have supernaturally acute eyesight.
                  | (SInv) [potion of mutation]
  1744 | D        | Noticed a wizard
  1765 | D        | Noticed a deep troll earth mage
  1792 | D        | Reached skill level 22 in Maces & Flails
  1792 | D        | Reached XP level 12. HP: 122/122 MP: 9/9
  1802 | D        | Noticed an ettin
  1806 | D        | Killed a deep troll earth mage
  1817 | D        | Noticed a two-headed ogre
  1817 | D        | a cyclops changed into a two-headed ogre
  1823 | D        | HP: 3/122 [ettin/+0 dire flail of draining (29)]
  1823 | D        | HP: 1/122 [ettin/+0 dire flail of draining (2)]
  1982 | D        | Demolished by an ettin

Levels and vault maps discovered:
D:        linesprint [early_d, line_temple, items_1, d_10, items_2, lair_1,
          lair_end, items_3, orc_1, orc_end, items_4, d_15, swamp_1, shoals_1,
          snake_1, spider_1, d_20, vaults_1, items_5, swamp_end, shoals_end,
          snake_end, spider_end, vaults_end, d_27, items_6, zot_1, zot_end,
          crypt_end, forest_end, elf_end, slime_end, tomb_end, abyss_end,
          pan_hell_end]

Skill      XL: |  1  2  3  4  5  6  7  8  9 10 11 |
---------------+----------------------------------+-----
Maces & Flails | 3 4 5 6 7 9 11 15 18 22 | 22.5
Fighting       | 3 4 5 6 7 8 |  8.7
Dodging        | 3 4 5 6 7 8 |  8.7
Shields        | 3 4 5 6 7 |  7.2

Action                   |  1- 3 |  4- 6 |  7- 9 | 10-12 || total
-------------------------+-------+-------+-------+-------++-------
Melee: Flail             |    50 |    22 |       |       ||    72
       Morningstar       |       |    61 |    73 |   365 ||   499
       Peck              |       |       |    14 |    78 ||    92
Invok: Heroism           |       |       |       |     7 ||     7
       Finesse           |       |       |       |     3 ||     3
Evoke: Wand              |       |       |       |     6 ||     6
  Use: Potion            |       |       |    12 |     5 ||    17
       Scroll            |       |       |       |     1 ||     1
 Stab: Invisible         |       |       |     5 |     1 ||     6
  Eat: Chunk             |       |     7 |    13 |    10 ||    30
       Ration            |       |       |       |     3 ||     3
Armor: Robe              |    27 |    23 |     7 |    32 ||    89
       Ice dragon scales |       |       |       |    17 ||    17
Dodge: Dodged            |    21 |    22 |    46 |    89 ||   178
Block: Shield            |    14 |    49 |    30 |   108 ||   201

Table legend:
 A = Non-vault XP
 B = Vault XP
 C = Vault XP percentage of total XP
 D = Non-vault monster count
 E = Vault monster count
 F = Vault count percentage of total count
                 A         B        C        D         E       F
            +---------+---------+-------+---------+---------+-------
      Total |       0 |   24566 | 100.0 |       0 |      99 | 100.0
            +---------+---------+-------+---------+---------+-------
          D |       0 |   24566 | 100.0 |       0 |      99 | 100.0
            +---------+---------+-------+---------+---------+-------
